 Dungeon Crawl Stone Soup version 0.21-a0-157-gb89e0e2 (webtiles) character file.

2109 Azzok the Fighter (level 9, -8/92 HPs)
             Began as a Minotaur Fighter on Aug 4, 2017.
             Was an Initiate of Okawaru.
             Mangled by an eight-headed hydra (12 damage)
             ... on level 7 of the Dungeon.
             The game lasted 00:10:44 (5366 turns).

Azzok the Fighter (Minotaur Fighter)                Turns: 5366, Time: 00:10:45

Health: -8/92      AC: 13    Str: 25    XL:     9   Next: 7%
Magic:  8/8        EV:  4    Int:  5    God:    Okawaru [......]
Gold:   131        SH: 10    Dex: 14    Spells: 8/8 levels left

rFire    . . .     SeeInvis .   m - +1 dagger (elec)
rCold    . . .     Gourm    .   c - +0 shield
rNeg     + . .     Faith    .   F - +0 plate armour
rPois    .         Spirit   .   (helmet restricted)
rElec    .         Reflect  .   s - +0 cloak
rCorr    .         Harm     .   (no gloves)
MR       .....                  o - +0 pair of boots
Stlth    ..........             (no amulet)
HPRegen  0.25/turn              v - ring of positive energy
MPRegen  0.11/turn              (no ring)

@: mighty
A: retaliatory headbutt, horns 2
a: Renounce Religion


You were on level 7 of the Dungeon.
You worshipped Okawaru.
Okawaru was noncommittal.
You were not hungry.

You visited 1 branch of the dungeon, and saw 7 of its levels.

You collected 263 gold pieces.
You spent 132 gold pieces at shops.

Inventory:

Hand Weapons
 m - a +1 dagger of electrocution (weapon)
 A - a +0 long sword of protection
 C - a +0 shortbow
Missiles
 a - 121 arrows
Armour
 c - a +0 shield (worn)
 o - a +0 pair of boots (worn)
 s - a +0 cloak (worn)
 F - a +0 plate armour (worn)
Jewellery
 v - a ring of positive energy (left hand)
Wands
 n - a wand of confusion (34/48)
 D - a wand of disintegration (14/24)
Scrolls
 e - 3 scrolls of identify {unknown}
 g - a scroll of fog {unknown}
 h - 2 scrolls of blinking {unknown}
 i - a scroll of noise {unknown}
 l - 2 scrolls of random uselessness {unknown}
 p - 2 scrolls of enchant weapon {unknown}
 u - a scroll of recharging {unknown}
 y - a scroll of fear {unknown}
Potions
 d - 3 potions of might
 k - 4 potions of curing
 q - 2 potions of invisibility {unknown}
 r - 2 potions of heal wounds {unknown}
 t - 2 potions of agility {unknown}
 x - a potion of resistance {unknown}
 E - a potion of mutation {!q}
Comestibles
 f - 5 bread rations
 j - 5 fruits
 z - a meat ration
 B - 3 royal jellies


   Skills:
 + Level 12.7 Fighting
 - Level 2.4 Long Blades
 + Level 5.7 Bows
 - Level 3.6 Armour
 - Level 3.6 Shields
 + Level 1.1 Invocations


You had 8 spell levels left.
You didn't know any spells.

Dungeon Overview and Level Annotations

Branches:
Dungeon (7/15)             Temple (0/1) D:7

Altars:
Ashenzari
Gozag
Okawaru
Ru

Shops:
D:5 !


Innate Abilities, Weirdness & Mutations

You reflexively headbutt those who attack you in melee.
You have a pair of horns on your head.


Message History

You block the eight-headed hydra's attack.
The eight-headed hydra bites you.
* * * LOW HITPOINT WARNING * * *
The eight-headed hydra bites you but does no damage.
The eight-headed hydra bites you!
* * * LOW HITPOINT WARNING * * *
The eight-headed hydra bites you.
* * * LOW HITPOINT WARNING * * *
The eight-headed hydra bites you!
* * * LOW HITPOINT WARNING * * *
You hear a shout!
You hear an angry growl.
Drop what? 30/52 slots (_ for help) (? for menu, Esc to quit)
Okay, then.
You hit the eight-headed hydra.
Lightning courses through the eight-headed hydra!
The eight-headed hydra is severely wounded.
The howler monkey hoots and howls with incredible vigour!
The eight-headed hydra bites you but does no damage.
The eight-headed hydra bites you!
You die...

▒··♣ ▒▒▒▒▒▒▒▒▒▒▒▒▒ ▒···
▒···········▒ ▒···
▒···········▒ ▒·▒· ·
▒···········▒ ▒··· ▒·▒▒
▒···········▒▒▒▒·· ·····
▒·················
·▒···h▒▒▒·····▒▒·······▒
·'···hD@'······▒·······▒
·▒···h▒▒▒·····)▒·)······
▒··· ▒▒······▒(·······
▒·· ▒···⌠···▒········ ▒·
▒·······)········ ▒
▒·⌠·>·⌠·╬········
▒·······▒········
▒···⌠···▒········
▒▒▒▒▒▒▒▒▒▒▒▒▒▒▒▒·


You could see an eight-headed hydra and 3 howler monkeys.

Vanquished Creatures
  Prince Ribbit (D:5)
  A hungry ghost (D:7)
  An orc warrior (D:7)
  A phantom (D:5)
  2 ogres
  A centaur (D:5)
  A big kobold (D:7)
  A bullfrog (D:6)
  A scorpion (D:5)
  10 wights
  4 crimson imps
  2 hounds
  4 orc priests
  A bullfrog skeleton (D:4)
  2 iguanas
  5 worker ants
  A hound zombie (D:7)
  2 hound skeletons
  Robin (D:2)
  3 gnolls (D:5)
  7 adders
  A howler monkey skeleton (D:5)
  An adder zombie (D:7)
  A worm (D:3)
  A dart slug (D:2)
  3 leopard geckos
  8 orcs
  4 giant cockroaches
  17 goblins
  7 hobgoblins
  14 jackals
  2 quokkas (D:3)
  3 ball pythons
  9 bats
  6 frilled lizards
  2 jackal zombies
  8 kobolds
  5 rats
144 creatures vanquished.

Notes
Turn   | Place    | Note
-------+----------+-------------------------------------------
     0 | D:1      | Azzok the Minotaur Fighter began the quest for the Orb.
     0 | D:1      | Reached XP level 1. HP: 19/19 MP: 0/0
   119 | D:1      | Reached skill level 4 in Fighting
   160 | D:1      | Found a shattered altar of Ashenzari.
   212 | D:1      | Reached XP level 2. HP: 27/27 MP: 1/1
   537 | D:1      | Reached skill level 5 in Fighting
   642 | D:1      | Reached XP level 3. HP: 36/36 MP: 2/2
   890 | D:2      | Noticed Robin
   939 | D:2      | Killed Robin
   939 | D:2      | Reached skill level 6 in Fighting
   939 | D:2      | Reached XP level 4. HP: 12/44 MP: 3/3
  1661 | D:3      | Found a sacrificial altar of Ru.
  2243 | D:4      | Reached XP level 5. HP: 31/51 MP: 4/4
  2249 | D:4      | Reached skill level 7 in Fighting
  2536 | D:4      | Reached skill level 8 in Fighting
  2596 | D:4      | Reached XP level 6. HP: 61/61 MP: 5/5
  2775 | D:4      | Reached skill level 9 in Fighting
  3086 | D:5      | Entered Level 5 of the Dungeon
  3215 | D:5      | Reached XP level 7. HP: 59/71 MP: 6/6
  3225 | D:5      | Noticed Prince Ribbit
  3251 | D:5      | Killed Prince Ribbit
  3251 | D:5      | Reached skill level 10 in Fighting
  3493 | D:5      | Reached skill level 11 in Fighting
  3668 | D:5      | Found Yrhado's Distillery.
  3678 | D:5      | Bought a potion of curing for 36 gold pieces
  3678 | D:5      | Bought a potion of mutation for 96 gold pieces
  3940 | D:6      | Reached skill level 1 in Bows
  3940 | D:6      | Reached XP level 8. HP: 67/82 MP: 7/7
  4128 | D:6      | Reached skill level 12 in Fighting
  5080 | D:7      | Reached skill level 5 in Bows
  5081 | D:7      | Paralysed by fainting for 10 turns
  5104 | D:7      | Found an opulent altar of Gozag.
  5138 | D:7      | Found an iron altar of Okawaru.
  5148 | D:7      | Reached XP level 9. HP: 67/92 MP: 8/8
  5161 | D:7      | Became a worshipper of Warmaster Okawaru
  5215 | D:7      | Found a staircase to the Ecumenical Temple.
  5354 | D:7      | Noticed an eight-headed hydra
  5358 | D:7      | Reached skill level 1 in Invocations
  5365 | D:7      | HP: 3/92 [eight-headed hydra (9)]
  5366 | D:7      | Mangled by an eight-headed hydra

Vault maps used:
D:1:      sevenhm_arrival_forest_fort_small_3, minivault_23,
          nicolae_ashenzari_panopticon
D:2:      minmay_pentomino_w4, uniq_robin
D:3:      nicolae_ru_awakened_eye, first_bread
D:4:      minmay_misc_feat_chi
D:5:      serial_shops, nicolae_shop_statue_plus, uniq_prince_ribbit1
D:7:      grunt_gozag_statues, okawaru_trees_2, temple_fountains, basic_altar

Skill      XL: |  1  2  3  4  5  6  7  8  9 |
---------------+----------------------------+-----
Fighting       | 4 5 6 8 9 11 12 | 12.7
Bows           | 1 5 |  5.7
Invocations    | 1 |  1.1
Long Blades    | |  2.4
Armour         | |  3.6
Shields        | |  3.6

Action                   |  1- 3 |  4- 6 |  7- 9 || total
-------------------------+-------+-------+-------++-------
Melee: Long sword        |   104 |       |       ||   104
       Headbutt          |    22 |    21 |    51 ||    94
       Dagger            |     6 |   138 |   214 ||   358
  Use: Potion            |       |       |     2 ||     2
  Eat: Chunk             |       |     8 |     7 ||    15
       Fruit             |       |       |     3 ||     3
Armor: Scale mail        |    72 |    46 |    34 ||   152
       Plate armour      |       |       |    51 ||    51
       Chain mail        |       |       |    16 ||    16
Dodge: Dodged            |    58 |    38 |    38 ||   134
Block: Shield            |    64 |    65 |    76 ||   205
       Rpst.: Long sword |    21 |       |       ||    21
